 Dungeon Crawl Stone Soup version 0.31-a0-204-g7da18cac08 (webtiles) character file.

Game seed: 16204703413817441597

44 lunkers the Covered (level 4, 0/36 HPs)
             Began as a Meteoran Wanderer on June 27, 2023.
             Slain by a rat (2 damage)
             ... on level 2 of the Dungeon.
             The game lasted 00:02:21 (735 turns).

lunkers the Covered (Meteoran Wanderer)              Turns: 735, Time: 00:02:22

Health: 0/36       AC: 10    Str: 17    XL:     4   Next: 8%
Magic:  9/9        EV:  7    Int: 12    God:
Gold:   87         SH:  0    Dex: 13    Spells: 7/8 levels left

rFire   . . .        b - +1 hand axe (heavy)
rCold   . . .        (no shield)
rNeg    . . .        c - +1 chain mail
rPois   +            (no helmet)
rElec   .            (no cloak)
rCorr   .            (no gloves)
SInv    .            (no boots)
Will    .....        l - amulet of the acrobat Stlth
                     j - ring of poison resistance
HPRegen 0.26/turn    (no ring)
MPRegen 0.11/turn

%: acrobat
@: glowing
A: sense surroundings 1, otherworldly, glowing, explore regen
a: no special abilities


You were on level 2 of the Dungeon.
You visited 1 branch of the dungeon, and saw 3 of its levels.

You collected 87 gold pieces.

Inventory:

Hand Weapons
 a - a +0 dagger
 b - a +1 heavy hand axe (weapon)
Missiles
 i - 11 poisoned darts (quivered)
Armour
 c - a +1 chain mail (worn)
Jewellery
 j - a ring of poison resistance (left hand)
 l - an amulet of the acrobat (around neck)
Potions
 d - a potion of haste
 e - a potion of cancellation
 n - a potion of brilliance {unknown}


   Skills:
 - Level 2.1 Fighting
 - Level 1.4 Short Blades
 + Level 3.2 Axes
 - Level 1.2 Throwing
 - Level 3.6 Armour
 - Level 2.6 Spellcasting
 - Level 2.4 Summonings


You had 7 spell levels left.
You knew the following spells:

 Your Spells              Type           Power      Damage    Failure   Level
p - Summon Small Mammal   Summ           28%        N/A       67%         1

Your spell library contained the following spells:

 Spells                   Type           Power      Damage    Failure   Level
 Summon Guardian Golem    Hex/Summ       4%         N/A       99%         3


Dungeon Overview and Level Annotations

Branches:
Dungeon (3/15) Zot: 1028

Altars:

Shops:
D:2 [   D:3 *


Innate Abilities, Weirdness & Mutations

You passively map a small area around you.
You are easily found by Zot.
You glow in the dark.
You regain HP and MP as you explore.


Message History

A gnoll comes into view. It is wielding a +0 spear.
You hit the gnoll.
The gnoll is moderately wounded.
The gnoll hits you with a +0 flail.
A hobgoblin comes into view.
The hobgoblin shouts!
The gnoll barely misses you.
A rat comes into view.
You closely miss the gnoll.
The gnoll is moderately wounded.
The gnoll closely misses you. The gnoll completely misses you. x2
The gnoll hits you with a +0 flail.
You closely miss the gnoll.
The gnoll is moderately wounded.
The gnoll hits you but does no damage. The gnoll barely misses you.
You slash the gnoll!
The gnoll is almost dead.
The gnoll hits you with a +0 flail. The gnoll closely misses you.
The gnoll hits you with a +0 flail.
* * * LOW HITPOINT WARNING * * *
The gnoll hits you but does no damage.
You barely miss the gnoll.
The gnoll is almost dead.
You slash the hobgoblin!
You kill the hobgoblin!
The gnoll hits you from afar with a +0 spear.
* * * LOW HITPOINT WARNING * * *
The gnoll hits you with a +0 flail.
* * * LOW HITPOINT WARNING * * *
The gnoll hits you from afar with a +0 spear.
* * * LOW HITPOINT WARNING * * *
The rat bites you but does no damage. The gnoll hits you but does no damage.
A dart slug comes into view.
You slash the gnoll!
You kill the gnoll!
You closely miss the rat.
The gnoll hits you from afar with a +0 spear!
* * * LOW HITPOINT WARNING * * *
The rat bites you.
You die...

.....................##.######.#
..........................# ,
..........#.........##....#
..†###....#.........##....# *
#.#.......###........+....#,
#>................####....# *
#........#..................,
#.......)#.....).###.........,,
#........####...@r.#....)....
.........# #...†.......
.##......# #...g.......
.##......####...........
............#...........
###.........#...........
............#...........
............####...w....
............## , ,


You could see a gnoll, a dart slug and a rat.

Vanquished Creatures
  2 gnolls (D:2)
  An adder (D:3)
  A dart slug (D:2)
  4 ball pythons
  3 bats
  3 endoplasms
  A giant cockroach (D:1)
  A goblin (D:1)
  A hobgoblin (D:2)
  A quokka (D:2)
  A frilled lizard (D:2)
  3 kobolds (D:1)
  2 rats
24 creatures vanquished.

Notes
Turn   | Place    | Note
-------+----------+-------------------------------------------
     0 | D:1      | lunkers the Meteoran Wanderer began the quest for the Orb.
     0 | D:1      | lunkers set off with the following items: a +0 dagger, 11
                  | poisoned darts, a +0 chain mail, a potion of haste; and the
                  | following spell memorised: Summon Small Mammal; and the
                  | following spells available to memorise: Summon Guardian
                  | Golem.
     0 | D:1      | Reached XP level 1. HP: 17/17 MP: 5/5
    85 | D:1      | Reached skill level 1 in Short Blades
   107 | D:1      | Reached XP level 2. HP: 23/24 MP: 6/6
   221 | D:1      | Reached skill level 1 in Axes
   304 | D:2      | You fall into a shaft and drop 1 floor!
   304 | D:3      | Found Hudeel's Assorted Antiques.
   391 | D:3      | Reached XP level 3. HP: 29/29 MP: 8/8
   420 | D:2      | Found Divokax's Antique Armour Shoppe.
   453 | D:2      | Reached XP level 4. HP: 34/36 MP: 9/9
   735 | D:2      | Slain by a rat

Illustrated notes

Levels and vault maps discovered:
D:1:      amcnicky_arrival_feature_with_door, layout_loops_ring
D:2:      layout_basic, serial_shops, nicolae_shop_overgrown_old_shop,
          lexackson_kobold_supper, uniq_crazy_yiuf_cottage
D:3:      layout_rooms, serial_shops, shop

Skill      XL: |  1  2  3 |
---------------+----------+-----
Short Blades   | 1 |  1.4
Axes           | 1 3 |  3.2
Fighting       | |  2.1
Throwing       | |  1.2
Armour         | |  3.6
Spellcasting   | |  2.6
Summonings     | |  2.4

Action                     |  1- 3 |  4- 6 || total
---------------------------+-------+-------++-------
  Melee: Dagger            |    16 |       ||    16
         Hand axe          |    39 |     7 ||    46
  Throw: Dart              |     6 |     1 ||     7
    Use: Scroll            |       |     7 ||     7
 Armour: Chain mail        |    50 |     4 ||    54
  Dodge: Dodged            |    23 |     6 ||    29

Table legend: (Time is in decaauts)
 A = Elapsed time spent in this place.
 B = Non-inter-level travel time spent in this place.
 C = Inter-level travel time spent in this place.
 D = Time resting spent in this place.
 E = Time spent auto-exploring this place.
 F = Levels seen in this place.
 G = Mean time per level.
                   A        B        C        D        E       F      G
               +--------+--------+--------+--------+--------+-----+--------+
         Total |    770 |    747 |     23 |      0 |    424 |   3 |  256.7 |
       Dungeon |    770 |    747 |     23 |      0 |    424 |   3 |  256.7 |
               +--------+--------+--------+--------+--------+-----+--------+

Top non-repeatable levels by time:
     D:1: 538 daAuts
     D:3: 123 daAuts
     D:2: 108 daAuts
